 Dungeon Crawl Stone Soup version 0.23.2 (webtiles) character file.

Game seed: 8609989010502665224

120 P0NYSLAYSTATION the Slasher (level 5, -8/47 HPs)
             Began as a Hill Orc Monk on Apr 3, 2019.
             Was a Believer of Beogh.
             Mangled by a wyvern (18 damage)
             ... on level 4 of the Dungeon on Apr 6, 2019.
             The game lasted 00:16:32 (2510 turns).

P0NYSLAYSTATION the Slasher (Hill Orc Monk)         Turns: 2510, Time: 00:16:32

Health: -8/47      AC:  4    Str: 15    XL:     5   Next: 4%
Magic:  5/5        EV: 18    Int: 10    God:    Beogh [**....]
Gold:   139        SH:  0    Dex: 18    Spells: 4/4 levels left

rFire    . . .     SeeInvis .   a - +0 falchion
rCold    . . .     Gourm    .   e - +0 buckler
rNeg     . . .     Faith    .   b - +0 robe
rPois    .         Spirit   .   d - +0 helmet
rElec    .         Reflect  .   (no cloak)
rCorr    +         Harm     .   (no gloves)
MR       .....                  o - +0 pair of boots
Stlth    ++........             (no amulet)
HPRegen  0.15/turn              m - ring of resist corrosion
MPRegen  0.09/turn              (no ring)

@: confused, agile
A: no striking features
a: Smiting, Renounce Religion


You were on level 4 of the Dungeon.
You worshipped Beogh.
Beogh was pleased with you.
You were not hungry.

You visited 1 branch of the dungeon, and saw 4 of its levels.

You collected 139 gold pieces.

Inventory:

Hand Weapons
 a - a +0 falchion (weapon)
Armour
 b - a +0 robe (worn)
 d - a +0 helmet (worn)
 e - a +0 buckler (worn)
 o - a +0 pair of boots (worn)
Jewellery
 m - a ring of resist corrosion (left hand)
Wands
 g - a wand of flame (14)
 t - a wand of digging (9)
Scrolls
 h - 4 scrolls of remove curse
 i - a scroll of random uselessness
 j - 3 scrolls of identify
 l - a scroll of enchant weapon {unknown}
 n - a scroll of magic mapping {unknown}
Potions
 p - a potion of brilliance
 r - a potion of flight {unknown}
 s - a potion of curing {unknown}
Comestibles
 c - 8 rations


   Skills:
 + Level 4.3 Fighting
 + Level 4.6 Long Blades
 + Level 3.1 Dodging
 + Level 2.0 Stealth
 + Level 0.3 Shields


You had 4 spell levels left.
You didn't know any spells.
Your spell library was empty.

Dungeon Overview and Level Annotations

Branches:
Dungeon (4/15)
 Temple: D:4-7

Altars:


Message History

Okay, then.
As you read the scroll labeled SUFEXI ITIGODIO, it crumbles to dust.
It is a scroll of identify.
i - a scroll of random uselessness The wyvern misses you.
The wyvern bites you!
* * * LOW HITPOINT WARNING * * *
The wyvern closely misses you.
You riposte.
You barely miss the wyvern.
The wyvern is moderately wounded.
The wyvern misses you.
You riposte.
You hit the wyvern but do no damage.
The wyvern is moderately wounded.
It was a potion of ambrosia.
You are confused.
You feel invigorated. The wyvern misses you.
It was a potion of agility.
You feel agile all of a sudden. The wyvern bites you.
* * * LOW HITPOINT WARNING * * *
The wyvern bites you!!
You die...

##.#############
................
.##.....######..
.#.......## ##
..........####...#
.......)..'.......
....<......##########
##.....).#..........#
##.....####.#.#@##..#
##...##########l#
##......#.#.#.## ###
#..######.#.## ..#
#..# ###.####
#.###..#...##.#
..##...#.# #%.#
.##......####.......#
.###.......<#########


You could see a wyvern.

Vanquished Creatures
  An orc wizard (D:4)
  2 worker ants (D:4)
  An adder (D:2)
  An ooze (D:3)
  2 worms (D:3)
  2 dart slugs
  3 leopard geckos (D:3)
  An orc (D:4)
  9 bats
  A giant cockroach (D:4)
  3 goblins
  5 hobgoblins
  A jackal (D:2)
  5 kobolds (D:1)
  A quokka (D:4)
  2 frilled lizards
  5 rats
45 creatures vanquished.

Vanquished Creatures (others)
  An orc priest (D:4)
  An orc wizard (D:4)
  2 orcs (D:4)
  A giant cockroach (D:4)
  4 jackals (D:4)
9 creatures vanquished.

Grand Total: 54 creatures vanquished

Notes
Turn   | Place    | Note
-------+----------+-------------------------------------------
     0 | D:1      | P0NYSLAYSTATION the Hill Orc Monk began the quest for the
                  | Orb.
     0 | D:1      | Reached XP level 1. HP: 19/19 MP: 1/1
   357 | D:1      | Reached XP level 2. HP: 27/27 MP: 2/2
   750 | D:2      | Reached XP level 3. HP: 29/33 MP: 3/3
  1330 | D:4      | Became a worshipper of Beogh the Brigand
  1330 | D:4      | Reached * piety under Beogh
  1330 | D:4      | Reached ** piety under Beogh
  1638 | D:3      | Reached XP level 4. HP: 40/40 MP: 4/4
  2171 | D:4      | Reached XP level 5. HP: 10/47 MP: 5/5
  2492 | D:4      | Noticed a wyvern
  2510 | D:4      | Mangled by a wyvern

Skill      XL: |  1  2  3  4 |
---------------+-------------+-----
Fighting       | 4 |  4.3
Long Blades    | 4 |  4.6
Dodging        | 3 |  3.1
Stealth        | 2 |  2.0
Shields        | |  0.3

Action                   |  1- 3 |  4- 6 || total
-------------------------+-------+-------++-------
Melee: Falchion          |   143 |    40 ||   183
Invok: Convert to Beogh  |     1 |       ||     1
  Use: Scroll            |     2 |     1 ||     3
       Potion            |       |     3 ||     3
 Stab: Sleeping          |     3 |     2 ||     5
  Eat: Chunk             |     3 |     2 ||     5
Armor: Robe              |    26 |     8 ||    34
Dodge: Dodged            |    79 |    27 ||   106
Block: Buckler           |    21 |     5 ||    26
       Rpst.: Falchion   |    21 |    12 ||    33
